 Dungeon Crawl Stone Soup version 0.19-a0-1091-g463c9de (webtiles) character file.

30 mistymad the Skirmisher (level 3, -7/33 HPs)
             Began as a Ghoul Monk on Aug 7, 2016.
             Mangled by a gnoll
             ... wielding a +0 halberd
              (14 damage)
             ... on level 2 of the Dungeon.
             The game lasted 00:02:36 (1248 turns).

mistymad the Skirmisher (Ghoul Monk)                Turns: 1248, Time: 00:02:37

Health: -7/33      AC:  3    Str: 15    XL:     3   Next: 18%
Magic:  2/2        EV: 12    Int:  5    God:
Gold:   38         SH:  0    Dex: 11    Spells: 0 memorised, 2 levels left

rFire  . . .     SeeInvis .     l - +0 whip
rCold  + . .     Gourm    .     h - +0 leather armour
rNeg   + + +     Faith    .     (no shield)
rPois  ∞         Spirit   .     (no helmet)
rElec  .         Dismiss  .     (no cloak)
rCorr  .         Reflect  .     (no gloves)
SustAt .         Harm     .     (no boots)
MR     .....     Rnd*Tele +     (no amulet)
Stlth  ++........               (no ring)
                                e - ring of teleportation (curse)

@: rotting
A: rotting body, claws 1, carnivore 3, cold resistance 1, negative energy
resistance 3, slow regeneration 1, torment resistance, unbreathing
a: no special abilities


You were on level 2 of the Dungeon.
You were not hungry.

You visited 1 branch of the dungeon, and saw 2 of its levels.

You collected 38 gold pieces.

Inventory:

Hand Weapons
 a - a +0 mace
 l - a +0 whip (weapon)
Missiles
 k - 5 javelins (quivered)
 n - a throwing net
Armour
 h - a +0 leather armour (worn)
Jewellery
 e - a cursed ring of teleportation (left claw)
Scrolls
 b - 2 scrolls of identify {unknown}
 g - a scroll of enchant weapon {unknown}
 m - a scroll of fear {unknown}
Potions
 d - a potion of cure mutation {unknown}
 i - a potion of agility {unknown}
 j - a potion of flight {unknown}
 o - a potion of ambrosia {unknown}
 p - a potion of berserk rage {unknown}
Comestibles
 c - a meat ration
 f - 3 chunks of flesh


   Skills:
 + Level 3.7 Fighting
 + Level 3.2 Maces & Flails
 + Level 1.1 Armour
 - Level 2.6 Dodging
 - Level 2.1 Stealth


You had 2 spell levels left.
You didn't know any spells.

Dungeon Overview and Level Annotations

Branches:
Dungeon (2/15)

Altars:
Uskayaw


Innate Abilities, Weirdness & Mutations

Your body is rotting away.
You thrive on raw meat.
You are immune to poison.
You have sharp fingernails.
You are carnivorous and can eat meat at any time.
Your flesh is cold resistant. (rC+)
You are immune to negative energy. (rN+++)
You regenerate slowly when monsters are visible.
You are immune to unholy pain and torment.
You can survive without breathing.


Message History

There is a stone staircase leading up here.
The gnoll hits you with a halberd!
You take 9 damage, and have 24/33 hp.
MASSIVE DAMAGE!!
You hit the gnoll but do no damage. You hit the gnoll.
The gnoll is heavily wounded.
You hit the gnoll but do no damage.
The gnoll is heavily wounded.
The gnoll hits you with a halberd. The gnoll closely misses you.
You take 6 damage, and have 19/33 hp.
You closely miss the gnoll.
The gnoll is heavily wounded.
The gnoll hits you with a halberd. The gnoll misses you.
You take 6 damage, and have 13/33 hp.
You hit the gnoll but do no damage.
The gnoll is heavily wounded.
The gnoll hits you.
* * * LOW HITPOINT WARNING * * *
The gnoll hits you with a halberd!
You die...

#.#.......# #.#...........##...
##.#.####..###.#...........###..
..............#................
####.###.........................
...._..'.........................
.###.#.#..........##...........#.
...'........).....##.............
...#...........<..##...##########
...#............@g#.........#
...#.#.......####g#.........#
...#.........# #...........#
..g#.#.......# ###..........#
...#.#.......###..............
+#.............'..............
.#.#######.#####..............
.....g..g..................g#
.#.#######.#########........#


You could see 2 gnolls.

Vanquished Creatures
  A worm (D:2)
  A dart slug (D:1)
  A giant gecko (D:1)
  3 giant cockroaches
  3 goblins
  3 hobgoblins
  A jackal (D:2)
  A quokka (D:2)
  A bat (D:2)
  2 kobolds (D:1)
  5 rats (D:1)
22 creatures vanquished.

Notes
Turn   | Place    | Note
-------+----------+-------------------------------------------
     0 | D:1      | mistymad the Ghoul Monk began the quest for the Orb.
     0 | D:1      | Reached XP level 1. HP: 19/19 MP: 0/0
   239 | D:1      | Reached XP level 2. HP: 26/26 MP: 1/1
   459 | D:1      | Reached skill level 1 in Armour
   777 | D:2      | Found a hide-covered altar of Uskayaw.
   783 | D:2      | Reached XP level 3. HP: 22/31 MP: 2/2
  1248 | D:2      | Mangled by a gnoll

Vault maps used:
D:1:      lemuel_arrival_funnel
D:2:      lemuel_crystal_altar, lemuel_crystal_altar,
          gammafunk_pakellas_spire_experiment

Skill      XL: |  1  2 |
---------------+-------+-----
Armour         | 1 |  1.1
Maces & Flails | 3 |  3.2
Fighting       | |  3.7
Dodging        | |  2.6
Stealth        | |  2.1

Action                   || total
-------------------------++-------
Melee: Mace              ||    59
       Whip              ||    27
 Stab: Sleeping          ||     3
  Eat: Chunk             ||     4
Armor: Robe              ||     1
       Leather armour    ||    13
Dodge: Dodged            ||    43
